 Dungeon Crawl Stone Soup version 0.23-a0-329-g6f3f904 (webtiles) character file.

7335 Garbasso the Carver (level 10, 0/90 HPs)
             Began as a Minotaur Gladiator on Oct 16, 2018.
             Was an Elder of Qazlal.
             Slain by an eight-headed hydra (1 damage)
             ... on level 2 of the Lair of Beasts.
             The game lasted 00:42:17 (9985 turns).

Garbasso the Carver (Minotaur Gladiator)            Turns: 9985, Time: 00:42:18

Health: 0/90       AC: 10    Str: 23    XL:     10   Next: 90%
Magic:  13/13      EV: 16    Int:  5    God:    Qazlal [****..]
Gold:   413        SH:  5    Dex: 20    Spells: 9/9 levels left

rFire    . . .     SeeInvis .   L - +4 scimitar (freeze) (curse)
rCold    . . .     Gourm    .   (no shield)
rNeg     . . .     Faith    .   B - +2 scale mail "Axtemowi" {Dex+3}
rPois    .         Spirit   .   c - +0 hat
rElec    .         Reflect  .   (no cloak)
rCorr    .         Harm     .   (no gloves)
MR       .....                  (no boots)
Stlth    ..........             i - amulet of rage
HPRegen  0.25/turn              e - +3 ring of dexterity
MPRegen  0.13/turn              O - +3 ring of strength

@: repel missiles
A: retaliatory headbutt, horns 2
a: Upheaval, Elemental Force, Renounce Religion, Evoke Berserk Rage


You were on level 2 of the Lair of Beasts.
You worshipped Qazlal.
Qazlal was greatly pleased with you.
You were very hungry.

You visited 2 branches of the dungeon, and saw 11 of its levels.

You collected 611 gold pieces.
You spent 198 gold pieces at shops.

Inventory:

Hand Weapons
 L - a cursed +4 scimitar of freezing (weapon)
 P - the +2 rapier of Death's Door {venom, +Inv rPois}
   (You found it on level 1 of the Lair of Beasts)

   It poisons the flesh of those it strikes.
   It protects you from poison.
   It lets you turn invisible.
Missiles
 d - 4 throwing nets {=f}
 t - 8 tomahawks (quivered)
Armour
 c - a +0 hat (worn)
 z - a +2 leather armour of cold resistance
 B - the +2 scale mail "Axtemowi" (worn) {Dex+3}
   (You bought it in a shop on level 4 of the Dungeon)

   It affects your dexterity (+3).
Jewellery
 e - a +3 ring of dexterity (left hand)
 i - an amulet of rage (around neck)
 u - an uncursed ring of ice
 y - a +2 ring of protection
 O - a +3 ring of strength (right hand)
Wands
 w - a wand of clouds (5)
 E - a wand of enslavement (17)
 N - a wand of disintegration (10)
Scrolls
 b - a scroll of fear {unknown}
 j - 6 scrolls of remove curse
 k - 2 scrolls of vulnerability {unknown}
 l - 3 scrolls of teleportation {unknown}
 m - a scroll of enchant armour {unknown}
 q - 2 scrolls of amnesia {unknown}
 r - 2 scrolls of enchant weapon
 v - 4 scrolls of immolation
 A - 2 scrolls of blinking {unknown}
 C - a scroll of silence {unknown}
 D - a scroll of fog {unknown}
 G - 3 scrolls of identify
 H - a scroll of magic mapping
 J - a scroll of summoning {unknown}
Potions
 g - 2 potions of haste
 h - 7 potions of agility
 n - 2 potions of lignification
 o - 5 potions of might
 p - 5 potions of curing
 s - 2 potions of ambrosia
 x - 3 potions of mutation
 F - a potion of magic
 I - a potion of flight
 K - a potion of heal wounds
 M - a potion of cancellation
Comestibles
 f - 27 rations


   Skills:
 + Level 8.5 Fighting
 * Level 12.0 Long Blades
 - Level 3.3 Throwing
 + Level 8.1 Armour
 + Level 8.3 Dodging
 + Level 6.0 Invocations


You had 9 spell levels left.
You didn't know any spells.
Your spell library contained the following spells:

 Spells                   Type           Power        Failure   Level  Hunger
 Confusing Touch          Hex            #.....       75%         1    ##.....
 Confuse                  Hex            #.......     98%         3    ####...
 Gell's Gravitas          Tloc           #.........   98%         3    ####...
 Petrify                  Tmut/Erth      #.......     100%        4    #####..
 Metabolic Englaciation   Hex/Ice        #.........   100%        5    ######.
 Yara's Violent Unravell  Hex/Tmut       #.........   100%        5    ######.


Dungeon Overview and Level Annotations

Branches:
Dungeon (9/15)             Temple (0/1) D:5            Lair (2/6) D:9
    Orc (0/2) D:9
  Swamp: Lair:2-4    Shoals: Lair:2-4     Snake: Lair:2-4    Spider: Lair:2-4

Altars:
Dithmenos
Gozag
Hepliaklqana
Kikubaaqudgha
Nemelex Xobeh
Okawaru
Qazlal
Ru
Trog
Uskayaw
Vehumet
Wu Jian
Xom
Yredelemnul
Zin
The Shining One

Shops:
D:4 [*[   D:5 *   D:6 =


Innate Abilities, Weirdness & Mutations

You reflexively headbutt those who attack you in melee.
You have a pair of horns on your head.


Message History

Press: ? - help, Shift-Dir - straight line, f - eight-headed hydra
Aim: an eight-headed hydra (chance to defeat MR: 15%)
Okay, then.
Evoke which item? (* to show all) (? for menu, Esc to quit)
Aiming: Cloud Cone
Press: ? - help, Dir - move target cursor, f - eight-headed hydra
Aim: an eight-headed hydra You create a blast of noxious fumes!
The basilisk is engulfed in noxious fumes.
The basilisk appears confused.
The basilisk closely misses the yak.
The yak is engulfed in noxious fumes. x2; The eight-headed hydra bites you.
* * * LOW HITPOINT WARNING * * *
The eight-headed hydra barely misses you.
The eight-headed hydra closely misses you.
The eight-headed hydra bites you but does no damage.
You block the eight-headed hydra's attack.
The eight-headed hydra bites you.
* * * LOW HITPOINT WARNING * * *
The eight-headed hydra bites you.
You die... .. ..! #..# #..# P..# #. #..# #.%######.§# #.YYYYlD@.P#

S...l#####P..#
Y.. ##.§.P# Y
#....# .....#
...... .....
....P


You could see an eight-headed hydra, a komodo dragon, 4 yaks and a basilisk
(confused).

Vanquished Creatures
  2 two-headed ogres
  A black mamba (Lair:2)
  2 komodo dragons
  A hippogriff (D:9)
  Eustachio (D:4)
  A steam dragon (D:9)
  A hungry ghost (D:7)
  Menkaure (D:7)
  Edmund (D:4)
  2 water moccasins
  4 orc warriors
  3 porcupines (Lair:1)
  2 phantoms
  An ice beast (D:5)
  A sky beast (D:9)
  5 centaurs
  5 crocodiles (Lair:1)
  A big kobold (D:7)
  5 bullfrogs
  A gnoll sergeant (D:9)
  A scorpion (D:7)
  8 wights
  An electric eel (D:9)
  2 howler monkeys
  4 crimson imps
  A centaur zombie (D:8)
  A bullfrog skeleton (D:6)
  2 bullfrog zombies (D:9)
  6 hounds
  10 orc wizards
  2 centaur skeletons (D:8)
  3 orc priests
  3 jellies (D:8)
  Ijyb (D:4)
  3 iguanas
  2 worker ants
  A hound skeleton (D:8)
  3 gnolls (D:9)
  9 adders
  2 shadow imps
  7 oozes
  An adder skeleton (D:7)
  4 worms
  5 dart slugs
  4 leopard geckos
  41 orcs
  6 bats
  8 giant cockroaches
  4 goblins
  5 hobgoblins
  7 jackals
  3 quokkas
  2 ball pythons
  6 frilled lizards
  15 kobolds
  4 leopard gecko skeletons
  A leopard gecko zombie (D:7)
  6 rats
235 creatures vanquished.

Vanquished Creatures (others)
  A fungus (Lair:1)
  9 plants (D:9)
10 creatures vanquished.

Grand Total: 245 creatures vanquished

Notes
Turn   | Place    | Note
-------+----------+-------------------------------------------
     0 | D:1      | Garbasso the Minotaur Gladiator began the quest for the
                  | Orb.
     0 | D:1      | Reached XP level 1. HP: 18/18 MP: 0/0
    51 | D:1      | Reached XP level 2. HP: 22/25 MP: 1/1
    55 | D:1      | Reached skill level 4 in Long Blades
    91 | D:1      | Reached skill level 1 in Armour
   251 | D:1      | Reached XP level 3. HP: 30/30 MP: 2/2
  1425 | D:2      | Reached XP level 4. HP: 37/38 MP: 3/3
  2934 | D:4      | Reached skill level 5 in Long Blades
  2934 | D:4      | Reached XP level 5. HP: 45/45 MP: 4/4
  3064 | D:4      | Found Qosorurph's Assorted Antiques.
  3107 | D:4      | Found Yris's Armour Shoppe.
  3107 | D:4      | Noticed Edmund
  3129 | D:4      | Killed Edmund
  3129 | D:4      | Reached XP level 6. HP: 31/52 MP: 5/5
  3293 | D:4      | Noticed Eustachio
  3314 | D:4      | Killed Eustachio
  3314 | D:4      | Reached skill level 6 in Long Blades
  3476 | D:4      | Found a stormy altar of Qazlal.
  3484 | D:4      | Became a worshipper of Qazlal Stormbringer
  3612 | D:4      | Noticed Ijyb
  3628 | D:4      | Killed Ijyb
  3654 | D:4      | Found Ylinn's Antique Armour Emporium.
  3662 | D:4      | Bought a polished scale mail for 198 gold pieces
  3672 | D:4      | Identified the +2 scale mail "Axtemowi" {Dex+3} (You bought
                  | it in a shop on level 4 of the Dungeon)
  3858 | D:5      | Entered Level 5 of the Dungeon
  3867 | D:5      | Found an ornate altar of the Wu Jian Council.
  3886 | D:5      | Reached XP level 7. HP: 53/59 MP: 6/6
  3950 | D:5      | Found a sacrificial altar of Ru.
  3951 | D:5      | Found a radiant altar of Vehumet.
  3982 | D:5      | Found a staircase to the Ecumenical Temple.
  4007 | D:5      | Reached skill level 1 in Invocations
  4241 | D:5      | Reached skill level 7 in Long Blades
  4241 | D:5      | Reached skill level 5 in Dodging
  4341 | D:5      | Noticed a moth of wrath
  4343 | D:5      | Found a bloodstained altar of Trog.
  4650 | D:5      | Reached XP level 8. HP: 40/67 MP: 8/8
  4784 | D:5      | Found Zin's Purification Station.
  4787 | D:5      | Found a glowing silver altar of Zin.
  4808 | D:5      | Reached * piety under Qazlal
  4826 | D:5      | Reached skill level 5 in Fighting
  5151 | D:5      | Found a sparkling altar of Nemelex Xobeh.
  5232 | D:6      | Found a hide-covered altar of Uskayaw.
  5232 | D:6      | Noticed a glowing hand axe
  5232 | D:6      | Noticed a dagger
  5263 | D:6      | Reached skill level 8 in Long Blades
  5310 | D:6      | Reached skill level 5 in Armour
  5344 | D:6      | Found Dint's Jewellery Emporium.
  5439 | D:6      | Found a hazy altar of Hepliaklqana.
  5579 | D:6      | Noticed a two-headed ogre
  5586 | D:6      | Killed a two-headed ogre
  5586 | D:6      | Reached skill level 9 in Long Blades
  5586 | D:6      | Reached XP level 9. HP: 77/77 MP: 10/10
  5599 | D:6      | Found a shadowy altar of Dithmenos.
  5690 | D:6      | Found a glowing golden altar of the Shining One.
  6151 | D:7      | Noticed Menkaure
  6164 | D:7      | Killed Menkaure
  6711 | D:7      | Found an ancient bone altar of Kikubaaqudgha.
  6720 | D:7      | Reached ** piety under Qazlal
  6875 | D:8      | Reached skill level 10 in Long Blades
  7912 | D:8      | Reached *** piety under Qazlal
  7971 | D:8      | Found a shimmering altar of Xom.
  8039 | D:8      | Found an iron altar of Okawaru.
  8049 | D:8      | Reached XP level 10. HP: 86/86 MP: 12/12
  8119 | D:9      | Reached skill level 5 in Invocations
  8266 | D:9      | Found an opulent altar of Gozag.
  8343 | D:9      | Reached skill level 11 in Long Blades
  8713 | D:9      | Found a basalt altar of Yredelemnul.
  8734 | D:9      | Noticed a two-headed ogre
  8741 | D:9      | Killed a two-headed ogre
  8745 | D:9      | Found a basalt altar of Yredelemnul.
  8772 | D:9      | Found a staircase to the Orcish Mines.
  8791 | D:9      | Reached **** piety under Qazlal
  8819 | D:9      | Found a staircase to the Lair.
  9026 | Lair:1   | Entered Level 1 of the Lair of Beasts
  9202 | Lair:1   | Got a smoking rapier
  9203 | Lair:1   | Identified the +2 rapier of Death's Door {venom, +Inv
                  | rPois} (You found it on level 1 of the Lair of Beasts)
  9959 | Lair:2   | Noticed a black mamba
  9970 | Lair:2   | Killed a black mamba
  9970 | Lair:2   | Reached skill level 12 in Long Blades
  9974 | Lair:2   | Noticed an eight-headed hydra
  9985 | Lair:2   | HP: 1/90 [eight-headed hydra (6)]
  9985 | Lair:2   | Slain by an eight-headed hydra

Vault maps used:
D:1:      minmay_arrival_four_circles
D:2:      minmay_misc_feat_five, roderic_serpentine_path, nrook_uturn
D:3:      first_ration
D:4:      grunt_qazlal_clouds, serial_shops, nicolae_shop_crystal, shop_statue,
          shop, uniq_ijyb, uniq_eustachio, uniq_edmund
D:5:      tgw_trog, overflow_temple_1_default, zin_purify,
          nicolae_overflow_hidden_temple, minmay_temple_entry_nine_rooms,
          nemelex_diamond_rough_becter
D:6:      dancing_weapons_uskayaw, nicolae_tso_swordbearing_angel,
          old_standard_altar, lemuel_coloured_pillars_altar, serial_shops,
          nicolae_shop_window_shopping
D:7:      overflow_temple_1_default, uniq_menkaure
D:8:      lemuel_doored_altar, hangedman_little_slice_of_home, tgw_xom
D:9:      grunt_gozag_statues, lemuel_crystal_altar, david_lair_shrubbed,
          orc_0_dummy, basic_altar, water_boxes_lemuel
Lair:1:   minivault_23, lemuel_fruit_tree, grunt_megastairs_5

Skill      XL: |  1  2  3  4  5  6  7  8  9 10 |
---------------+-------------------------------+-----
Long Blades    | 4 5 6 7 9 10 12 | 12.0
Armour         | 1 2 3 4 5 6 8 |  8.1
Fighting       | 3 4 6 7 8 |  8.5
Dodging        | 4 5 6 7 8 |  8.3
Throwing       | 3 |  3.3
Invocations    | 1 3 4 6 |  6.0

Action                   |  1- 3 |  4- 6 |  7- 9 | 10-12 || total
-------------------------+-------+-------+-------+-------++-------
Melee: Long sword        |    80 |   118 |   192 |       ||   390
       Headbutt          |    16 |    33 |    94 |    22 ||   165
       Scimitar          |       |       |    72 |   106 ||   178
Throw: Tomahawk          |       |     1 |    14 |     3 ||    18
Evoke: Wand              |       |       |       |     1 ||     1
  Use: Scroll            |       |     8 |       |     8 ||    16
       Potion            |       |       |       |     1 ||     1
 Stab: Distracted        |       |     1 |       |       ||     1
       Sleeping          |       |     1 |       |       ||     1
  Eat: Chunk             |     2 |     8 |    11 |     5 ||    26
       Ration            |       |       |     1 |       ||     1
Armor: Leather armour    |    20 |    20 |       |       ||    40
       Scale mail        |       |     1 |    79 |    31 ||   111
Dodge: Dodged            |    59 |    74 |   156 |    67 ||   356
Block: Other             |       |       |    10 |    19 ||    29
       Rpst.: Long sword |    13 |    25 |    35 |       ||    73
       Scimitar          |       |       |    11 |    18 ||    29

Table legend:
 A = Non-vault XP
 B = Vault XP
 C = Vault XP percentage of total XP
 D = Non-vault monster count
 E = Vault monster count
 F = Vault count percentage of total count
                 A         B        C        D         E       F
            +---------+---------+-------+---------+---------+-------
      Total |    9153 |    1326 |  12.7 |     213 |      22 |   9.4
            +---------+---------+-------+---------+---------+-------
        D:1 |      59 |       0 |   0.0 |      25 |       0 |   0.0
        D:2 |      52 |       0 |   0.0 |      19 |       0 |   0.0
        D:3 |      53 |       0 |   0.0 |      20 |       0 |   0.0
        D:4 |     159 |     405 |  71.8 |      16 |       3 |  15.8
        D:5 |     917 |       9 |   1.0 |      21 |       5 |  19.2
        D:6 |    1633 |       0 |   0.0 |      15 |       0 |   0.0
        D:7 |     774 |     169 |  17.9 |      24 |       1 |   4.0
        D:8 |    1142 |     167 |  12.8 |      26 |      10 |  27.8
        D:9 |    2377 |     383 |  13.9 |      36 |       1 |   2.7
     Lair:1 |    1366 |     193 |  12.4 |       9 |       2 |  18.2
     Lair:2 |     621 |       0 |   0.0 |       2 |       0 |   0.0
            +---------+---------+-------+---------+---------+-------
